 Dungeon Crawl Stone Soup version 0.31.0-11-ge490571c62 (webtiles) character file.

Game seed: 2222854659621497751

291 Maffolandro the Trooper (level 6, 0/52 HPs)
             Began as a Human Wanderer on Feb 5, 2024.
             Was a Follower of Trog.
             Slain by a black bear (4 damage)
             ... on level 4 of the Dungeon.
             The game lasted 00:08:55 (2343 turns).

Maffolandro the Trooper (Human Wanderer)            Turns: 2343, Time: 00:08:56

Health: 0/52       AC:  0    Str: 16    XL:     6   Next: 32%
Magic:  9/9        EV: 10    Int:  8    God:    Trog [*.....]
Gold:   105        SH:  0    Dex: 15    Spells: 8/9 levels left

rFire   . . .        a - +2 short sword
rCold   . . .        (no shield)
rNeg    . . .        m - +0 scale mail
rPois   .            (no helmet)
rElec   .            (no cloak)
rCorr   .            o - +1 pair of gloves
SInv    .            (no boots)
Will    .....        (no amulet) Stlth
                     (no ring)
HPRegen 0.28/turn    (no ring)
MPRegen 0.11/turn

%: no passive effects
@: corroded
A: explore regen
a: Renounce Religion, Berserk


You were on level 4 of the Dungeon.
You worshipped Trog.
Trog was aware of your devotion.
You visited 1 branch of the dungeon, and saw 4 of its levels.

You collected 105 gold pieces.

Inventory:

Hand Weapons
 a - a +2 short sword (weapon)
 c - a +0 dagger
 f - a +0 spear
 u - a +0 flail
Missiles
 b - 15 poisoned darts (quivered)
 j - 3 datura-tipped darts
 l - 9 boomerangs
Armour
 e - a +0 leather armour
 k - a +0 ring mail
 m - a +0 scale mail (worn)
 o - a +1 pair of gloves (worn)
 r - a +0 tower shield
Wands
 v - a wand of polymorph (2)
Scrolls
 g - a scroll of teleportation {unknown}
 h - 2 scrolls of revelation {unknown}
 n - a scroll of fog {unknown}
 p - 2 scrolls of identify {unknown}
 s - 2 scrolls of noise {unknown}
 x - a scroll of silence {unknown}
Potions
 d - 2 potions of berserk rage
 i - a potion of lignification {unknown}
 q - 2 potions of magic {unknown}
 t - a potion of might {unknown}
 w - a potion of mutation {unknown}


   Skills:
 + Level 5.9 Fighting
 - Level 2.0 Short Blades
 - Level 1.0 Throwing
 - Level 1.0 Armour
 - Level 2.0 Dodging
 - Level 2.0 Spellcasting
 - Level 1.0 Ice Magic
 - Level 1.0 Evocations


You had 8 spell levels left.
You knew the following spells:

 Your Spells              Type           Power      Damage    Failure   Level
a - Freeze                Ice            8%         1d3       63%         1

Your spell library contained the following spells:

 Spells                   Type           Power      Damage    Failure   Level
 Foxfire                  Conj/Fire      0%         2x1d4     78%         1
 Ozocubu's Armour         Ice            2%         N/A       94%         3
 Dazzling Flash           Conj/Hex       0%         N/A       98%         3
 Mephitic Cloud           Conj/Alch/Air  0%         N/A       98%         3
 Curse of Agony           Necr           0%         N/A       100%        5
 Silence                  Hex/Air        0%         N/A       100%        5
 Plasma Beam              Fire/Air       0%         2x1d10    100%        6
 Starburst                Conj/Fire      0%         6d3       100%        6


Dungeon Overview and Level Annotations

Branches:
Dungeon (4/15)
 Temple: D:4-7

Altars:
Trog
Yredelemnul


Innate Abilities, Weirdness & Mutations

You regain HP and MP as you explore.


Message History

The black bear claws you but does no damage. x2
The jelly attacks as it pursues you! The jelly hits you but does no damage.
There is a stone staircase leading up here.
The black bear bites you.
The black bear claws you but does no damage.
The black bear barely misses you.
You hit the jelly.
Your hands burn!
The jelly is moderately wounded.
The jelly barely misses you.
You hit the jelly but do no damage.
Your hands burn!
The jelly is moderately wounded.
The jelly hits you but does no damage.
You hit the jelly.
Your hands burn!
The jelly is heavily wounded.
The black bear bites you. The black bear closely misses you.
The black bear claws you. The jelly hits you but does no damage.
You puncture the jelly! The acid corrodes you!
Your hands burn!
The jelly is almost dead.
The black bear bites you.
The black bear claws you but does no damage. x2
The jelly barely misses you.
You hit the jelly.
Your hands burn!
The jelly is almost dead.
The black bear bites you.
The black bear claws you but does no damage.
The black bear claws you. The jelly hits you but does no damage.
Unknown command.
You hit the jelly but do no damage.
Your hands burn!
The jelly is almost dead.
The black bear bites you. The black bear claws you.
* * * LOW HITPOINT WARNING * * *
The black bear barely misses you. The jelly hits you but does no damage.
Unknown command.
You hit the jelly. The acid corrodes you!
Your hands burn!
* * * LOW HITPOINT WARNING * * *
The jelly is almost dead.
The black bear bites you!
* * * LOW HITPOINT WARNING * * *
The black bear claws you.
You die...

### ####.#### ##
........######. ..
#........... #.
#h#.<..# # #.# #.
#@Jg...# #.#.# #.
###....####.#.###.
.......$.........#.
#.###..#.#....#.#.#.
#.....#..........
#.................
#...>........<....
#.#..........†....
#. ...............


You could see a black bear, a jelly and a goblin.

Vanquished Creatures
  A human (D:4)
  A scorpion (D:4)
  A bombardier beetle (D:4)
  A human zombie (D:4)
  Terence (D:2)
  An orc wizard (D:3)
  4 adders
  2 dart slugs
  4 orcs (D:3)
  10 ball pythons
  5 bats
  9 endoplasms
  3 giant cockroaches
  6 goblins
  3 hobgoblins
  8 jackals (D:1)
  8 kobolds
  A quokka (D:1)
  2 frilled lizards (D:1)
  2 rats (D:1)
73 creatures vanquished.

Notes
Turn   | Place    | Note
-------+----------+-------------------------------------------
     0 | D:1      | Maffolandro the Human Wanderer began the quest for the Orb.
     0 | D:1      | Maffolandro set off with the following items: a +2 short
                  | sword, 10 poisoned darts, a +0 dagger, a potion of berserk
                  | rage, a +0 leather armour; and the following spell
                  | memorised: Freeze; and the following spells available to
                  | memorise: Ozocubu's Armour.
     0 | D:1      | Reached XP level 1. HP: 13/13 MP: 3/3
    58 | D:1      | Reached skill level 1 in Fighting
    58 | D:1      | Reached XP level 2. HP: 13/21 MP: 5/5
   232 | D:1      | Reached skill level 2 in Fighting
   345 | D:1      | Reached XP level 3. HP: 23/27 MP: 6/6
   835 | D:2      | Reached skill level 3 in Fighting
   923 | D:2      | Reached XP level 4. HP: 35/35 MP: 7/7
  1042 | D:2      | Noticed Terence
  1075 | D:2      | HP: 1/35 [Terence/+0 flail (11)]
  1078 | D:2      | Killed Terence
  1545 | D:2      | Found a faded altar of an unknown god.
  1547 | D:2      | Prayed at the altar of an unknown god.
  1547 | D:2      | Became a worshipper of Trog the Wrathful
  1547 | D:2      | Reached * piety under Trog
  1655 | D:2      | Reached skill level 4 in Fighting
  1784 | D:3      | Reached XP level 5. HP: 26/42 MP: 8/8
  2112 | D:3      | You fall into a shaft and drop 1 floor!
  2170 | D:4      | Reached skill level 5 in Fighting
  2191 | D:4      | Found a runed translucent door.
  2191 | D:4      | Noticed a human
  2205 | D:4      | Reached XP level 6. HP: 24/52 MP: 9/9
  2214 | D:4      | Found a basalt altar of Yredelemnul.
  2279 | D:4      | Killed a human
  2330 | D:4      | Noticed a black bear
  2343 | D:4      | Slain by a black bear

Illustrated notes

Levels and vault maps discovered:
D:1:      orjb1_lava_funnel, layout_basic
D:2:      layout_basic, chequers_ecumenical_altar_twisty, uniq_terence
D:3:      layout_loops_ring
D:4:      layout_basic, mainiacjoe_overflow_alcove_1, dk_yredelemnul_ordeal,
          gammafunk_ghost_necromancy, nicolae_ossuary_entry_catacombs

Skill      XL: |  1  2  3  4  5 |
---------------+----------------+-----
Fighting       | 1 2 3 4 5 |  5.9
Short Blades   | |  2.0
Throwing       | |  1.0
Armour         | |  1.0
Dodging        | |  2.0
Spellcasting   | |  2.0
Ice Magic      | |  1.0
Evocations     | |  1.0

Action                     |  1- 3 |  4- 6 || total
---------------------------+-------+-------++-------
  Melee: Short sword       |   141 |   224 ||   365
         Punch             |       |     4 ||     4
 Armour: Leather armour    |    20 |       ||    20
         Ring mail         |    42 |       ||    42
         Scale mail        |     7 |   154 ||   161
  Dodge: Dodged            |    94 |    81 ||   175
